 Dungeon Crawl Stone Soup version 0.29.1-15-g9cfb28693d (webtiles) character file.

Game seed: 14466474164687580388

10654 LustLizard the Cleaver (level 11, -1/99 HPs)
             Began as a Hill Orc Monk on Apr 8, 2023.
             Was a Follower of Uskayaw.
             Slain by a vampire
             ... wielding a +0 mace
              (15 damage)
             ... on level 10 of the Dungeon.
             The game lasted 00:27:50 (14690 turns).

LustLizard the Cleaver (Hill Orc Monk)             Turns: 14690, Time: 00:27:50

Health: -1/99      AC:  0    Str: 17    XL:     11   Next: 65%
Magic:  19/19      EV: 15    Int: 12    God:    Uskayaw [*.....]
Gold:   320        SH:  0    Dex: 13    Spells: 10/12 levels left

rFire   . . .      SeeInvis .   (weapon currently unavailable)
rCold   . . .      Faith    .   (shield currently unavailable)
rNeg    . . .      Spirit   .   (body armour currently unavailable)
rPois   .          Reflect  +   (helmet currently unavailable)
rElec   .          Harm     .   (cloak currently unavailable)
rCorr   .          Rampage  .   (gloves currently unavailable)
Will    .....                   (boots currently unavailable)
Stlth   +.........              J - amulet of reflection
HPRegen 0.26/turn               (ring currently unavailable)
MPRegen 0.16/turn               (ring currently unavailable)

@: confused, pig-form, very quick
A: fast, no casting, small
a: Renounce Religion, Stomp


You were on level 10 of the Dungeon.
You worshipped Uskayaw.
Uskayaw was aware of your devotion.
You were a filthy swine.
You visited 1 branch of the dungeon, and saw 10 of its levels.

You collected 569 gold pieces.
You spent 249 gold pieces at shops.

Inventory:

Hand Weapons
 a - a +0 hand axe of venom (melded)
 O - a +0 war axe
 S - a +0 broad axe
Missiles
 j - 4 atropa-tipped darts
 t - 61 poisoned darts
 G - a throwing net
Armour
 g - a +0 kite shield
 o - a +0 scale mail
 F - a +0 cloak
 N - a scarf of invisibility
 Q - a +2 chain mail of willpower
 R - a scarf of repulsion (melded)
 T - +0 swamp dragon scales (melded)
 W - a +0 buckler (melded)
Jewellery
 A - a ring of ice
 C - a +4 ring of evasion (melded)
 I - a ring of positive energy
 J - an amulet of reflection (around neck)
 K - a +4 ring of evasion (melded)
 V - a ring of positive energy
Wands
 q - a wand of polymorph (11)
 D - a wand of mindburst (30)
 M - a wand of flame (33) (quivered)
 X - a wand of quicksilver (4)
Scrolls
 b - 2 scrolls of poison
 d - 5 scrolls of fear
 e - 2 scrolls of teleportation
 k - 2 scrolls of immolation {unknown}
 l - 2 scrolls of amnesia {unknown}
 r - 2 scrolls of butterflies {unknown}
 u - a scroll of brand weapon
 v - 2 scrolls of magic mapping {unknown}
 w - a scroll of enchant weapon
 y - a scroll of summoning
 H - 2 scrolls of enchant armour
 L - a scroll of blinking
 U - a scroll of silence
Potions
 c - a potion of ambrosia
 f - 5 potions of magic
 h - 4 potions of might
 i - a potion of invisibility
 m - 2 potions of cancellation
 n - 3 potions of flight
 p - 3 potions of curing
 s - 2 potions of heal wounds
 x - 2 potions of brilliance
 z - 2 potions of mutation
 B - a potion of berserk rage
 E - a potion of resistance
 P - a potion of lignification


   Skills:
 - Level 9.9 Fighting
 * Level 14.8 Axes
 - Level 4.0 Armour
 - Level 4.0 Dodging
 - Level 1.5 Stealth
 * Level 2.7 Shields
 + Level 1.1 Spellcasting
 - Level 4.0 Translocations
 * Level 11.5 Invocations


You had 10 spell levels left.
You knew the following spells:

 Your Spells              Type           Power      Damage    Failure   Level
a - Blink                 Tloc           20%        N/A       9%          2

Your spell library contained the following spells:

 Spells                   Type           Power      Damage    Failure   Level
 Apportation              Tloc           20%        N/A       6%          1
 Lesser Beckoning         Tloc           10%        N/A       17%         3
 Magic Dart               Conj           0%         1d3       30%         1
 Necrotise                Necr           0%         1d4       30%         1
 Slow                     Hex            0%         N/A       30%         1
 Summon Small Mammal      Summ           0%         N/A       30%         1
 Ensorcelled Hibernation  Hex/Ice        0%         N/A       41%         2
 Passwall                 Tmut/Erth      0%         N/A       41%         2
 Searing Ray              Conj           0%         2d4       41%         2
 Confusing Touch          Hex            0%         N/A       65%         3
 Swiftness                Air            0%         N/A       65%         3
 Vampiric Draining        Necr           0%         2d6       65%         3
 Manifold Assault         Tloc           10%        N/A       85%         5
 Fulminant Prism          Conj/Hex       0%         3d6       96%         4


Dungeon Overview and Level Annotations

Branches:
Dungeon (10/15)            Temple (0/1) D:5            Lair (0/5) D:8
    Orc: D:9-12

Altars:
Ashenzari
Cheibriados
Elyvilon
Kikubaaqudgha
Sif Muna
Uskayaw
Wu Jian
Zin

Shops:
D:3 [[*=(   D:7 (*(?


Message History

You hit something but do no damage. Something hits you!
You block something's attack.
You closely miss something. You miss something. Something hits you.
Something bites you.
Something draws strength from your injuries!
You hit something but do no damage. Something barely misses you. x2
You miss something. You miss something. Something draws life force from you!
You can no longer pass through a line of other dancers.
You hit something but do no damage. Something hits you but does no damage.
Something bites you.
Something draws strength from your injuries!
You barely miss something. You hit something but do no damage.
You hear a zap.
You turn into a filthy swine.
Your +0 hand axe of venom melds into your body.
Your scarf of repulsion melds into your body.
Your +0 buckler melds into your body.
Your +0 swamp dragon scales melds into your body.
Your +4 ring of evasion melds into your body. x2
Your +0 hand axe of venom stops dripping with poison.
The haze of the repulsion field disappears.
You hit something but do no damage.
You hear some strange, mumbled words.
You are confused.
You are too confused!
Something hits you!!
* * * LOW HITPOINT WARNING * * *
Something bites you!
* * * LOW HITPOINT WARNING * * *
Something draws strength from your injuries!
You feel much better. Something hits you!
* * * LOW HITPOINT WARNING * * *
Something bites you.
* * * LOW HITPOINT WARNING * * *
Something draws strength from your injuries!
Okay, then.
You bump into the rock wall.
Something hits you!
You die...

#.. #### #.# #...
#.#
######.#######.#
###....#.#....##.#
.......#.#.....#$#
###....#.#.......#
#......#.#....##.#
#
#.#......#....:#h#
#.
#.#......#.....#.#
#.
#.#......#.....#.#
..#####
#.#...........##.#
.#y..
#.#>.........$....
.{.#
#.....##.......###
#..#
##############...
#<.# ##.# ##.# .#
...


There were no monsters in sight!

Vanquished Creatures
  Erica (D:8)
  Pikel (D:7)
  Maggie (D:7)
  Psyche (D:9)
  A komodo dragon (D:8)
  2 slime creatures (D:9)
  2 hornets
  2 shadows (D:10)
  17 yaks
  4 wraiths
  A vampire (D:9)
  5 steam dragons
  3 water moccasins
  Duvessa (D:6)
  2 orc warriors
  2 sky beasts
  2 ice beasts
  2 ogres
  A phantom (D:5)
  A lemure (D:7)
  5 kobold brigands
  Blork the orc (D:6)
  A bullfrog (D:7)
  A necrophage (D:5)
  A gnoll sergeant (D:5)
  4 scorpions
  3 wights (D:8)
  Dowan (D:6)
  8 killer bees
  2 howler monkeys
  2 vampire bats (D:3)
  5 hounds
  A gnoll bouda (D:8)
  3 jellies
  Crazy Yiuf (D:4)
  3 orc priests
  2 iguanas
  4 orc wizards
  Natasha (thrice) (D:3)
  9 adders
  20 gnolls
  3 white imps
  3 ufetubi
  3 worms
  3 dart slugs
  18 orcs
  11 ball pythons
  8 bats
  3 bat skeletons (D:3)
  3 bat zombies (D:3)
  3 endoplasms
  4 giant cockroaches
  5 goblins
  9 hobgoblins
  32 kobolds
  5 quokkas
  2 frilled lizards
  6 rats
253 creatures vanquished.

Vanquished Creatures (others)
  An orc warrior (D:8)
  An orc (D:8)
  A plant (D:8)
3 creatures vanquished.

Grand Total: 256 creatures vanquished

Notes
Turn   | Place    | Note
-------+----------+-------------------------------------------
     0 | D:1      | LustLizard the Hill Orc Monk began the quest for the Orb.
     0 | D:1      | Reached XP level 1. HP: 19/19 MP: 1/1
   153 | D:1      | Reached XP level 2. HP: 19/27 MP: 2/2
   336 | D:1      | Found a faded altar of an unknown god.
  1410 | D:2      | Reached skill level 5 in Axes
  1495 | D:2      | Reached XP level 3. HP: 11/33 MP: 3/3
  1501 | D:2      | HP: 1/33 [poisoned by an adder]
  2455 | D:2      | Reached XP level 4. HP: 18/41 MP: 4/4
  3511 | D:3      | Reached skill level 6 in Axes
  3515 | D:3      | Found Ehelav's Weapon Emporium.
  3558 | D:3      | Found Vipauch's Jewellery Emporium.
  3565 | D:3      | Noticed Natasha
  3582 | D:3      | Killed Natasha
  3601 | D:3      | Noticed Natasha
  3604 | D:3      | HP: 1/41 [Natasha/puff of flame (11)]
  3615 | D:3      | Killed Natasha
  3616 | D:3      | Reached XP level 5. HP: 14/47 MP: 5/5
  3620 | D:3      | Noticed Natasha
  3864 | D:3      | Killed Natasha
  3865 | D:3      | Reached skill level 5 in Fighting
  4076 | D:3      | Found Qurujuni's Armour Shop.
  4131 | D:3      | Reached skill level 7 in Axes
  4700 | D:3      | Reached XP level 6. HP: 54/56 MP: 6/6
  4709 | D:3      | Found an ancient bone altar of Kikubaaqudgha.
  4896 | D:3      | Found Niwiel's Armour Shoppe.
  4900 | D:3      | Found Soster's Assorted Antiques.
  4908 | D:3      | Bought a scroll labelled FALUEW WISAISK for 25 gold pieces
  4908 | D:3      | Bought an inky potion for 22 gold pieces
  5008 | D:4      | Reached skill level 8 in Axes
  5275 | D:4      | Reached XP level 7. HP: 35/63 MP: 7/7
  5594 | D:4      | Found an ornate altar of the Wu Jian Council.
  5807 | D:4      | You fall into a shaft and drop 1 floor!
  5807 | D:5      | Entered Level 5 of the Dungeon
  5840 | D:5      | Reached skill level 9 in Axes
  6231 | D:4      | Found a shimmering blue altar of Sif Muna.
  6279 | D:4      | Found a runed translucent door.
  6280 | D:4      | Noticed Crazy Yiuf
  6715 | D:4      | Killed Crazy Yiuf
  6840 | D:5      | Found a hide-covered altar of Uskayaw.
  6842 | D:5      | Found a glowing silver altar of Zin.
  6849 | D:5      | Became a worshipper of Uskayaw the Reveller
  6849 | D:5      | Reached * piety under Uskayaw
  6854 | D:5      | Found a snail-covered altar of Cheibriados.
  6978 | D:5      | Reached ** piety under Uskayaw
  6979 | D:5      | Reached skill level 10 in Axes
  7057 | D:5      | Found a broken altar of Ashenzari.
  7078 | D:5      | Reached XP level 8. HP: 73/73 MP: 7/9
  7152 | D:5      | Learned a level 2 spell: Blink
  7156 | D:5      | Noticed a yak
  7156 | D:5      | Noticed a yak
  7196 | D:5      | Killed a yak
  7399 | D:5      | Reached skill level 1 in Translocations
  7664 | D:5      | Found a staircase to the Ecumenical Temple.
  8138 | D:5      | Reached skill level 11 in Axes
  8364 | D:5      | Noticed a yak
  8387 | D:5      | Killed a yak
  8388 | D:5      | Reached skill level 5 in Invocations
  8388 | D:5      | Reached XP level 9. HP: 66/80 MP: 12/12
  8486 | D:5      | Reached *** piety under Uskayaw
  8562 | D:5      | Reached **** piety under Uskayaw
  9089 | D:6      | Noticed Blork the orc
  9122 | D:6      | Killed Blork the orc
  9258 | D:6      | Noticed Dowan
  9581 | D:6      | Found a white marble altar of Elyvilon.
  9738 | D:6      | Noticed Duvessa
  9751 | D:6      | Killed Duvessa
  9752 | D:6      | Reached skill level 12 in Axes
  9756 | D:6      | Reached skill level 1 in Armour
  9763 | D:6      | Killed Dowan
 10125 | D:7      | Noticed a hornet
 10134 | D:7      | Killed a hornet
 10169 | D:7      | Reached XP level 10. HP: 87/90 MP: 15/15
 10226 | D:7      | Found Gynegaw's Weapon Boutique.
 10228 | D:7      | Found Ukoblait's Magic Scroll Emporium.
 10256 | D:7      | Bought a scroll of identify for 26 gold pieces
 10256 | D:7      | Bought a scroll of identify for 26 gold pieces
 10256 | D:7      | Bought a scroll of summoning for 123 gold pieces
 10256 | D:7      | Bought a scroll of noise for 13 gold pieces
 10265 | D:7      | Noticed Maggie
 10502 | D:7      | Noticed Pikel
 10520 | D:7      | Killed Pikel
 10781 | D:7      | Found Zugonoda's Weapon Boutique.
 10844 | D:7      | Found Fonoysui's General Store.
 10868 | D:7      | Bought a potion of degeneration for 14 gold pieces
 10952 | D:7      | Reached skill level 13 in Axes
 11062 | D:7      | Killed Maggie
 12021 | D:8      | Noticed Erica
 12145 | D:8      | Found a staircase to the Lair.
 12156 | D:8      | Reached skill level 10 in Invocations
 12156 | D:8      | Reached XP level 11. HP: 64/97 MP: 18/18
 12389 | D:8      | Killed Erica
 12390 | D:8      | Reached skill level 14 in Axes
 13177 | D:9      | Noticed Psyche
 13190 | D:9      | Killed Psyche
 13209 | D:9      | Reached ***** piety under Uskayaw
 13824 | D:10     | Entered Level 10 of the Dungeon
 14000 | D:9      | Reached skill level 1 in Shields
 14424 | D:10     | Reached skill level 1 in Spellcasting
 14688 | D:10     | HP: 4/99 [something (13)]
 14690 | D:10     | Slain by a vampire

Illustrated notes

Levels and vault maps discovered:
D:1:      dpeg_arrival_tiny_a, layout_loops_ring, shapermc_ecumenical_altar_venn
D:2:      layout_loops_corners
D:3:      minmay_razor_zed, layout_rooms, kennysheep_vampire_church,
          serial_shops, nicolae_shop_trees, nicolae_shop_statue_plus,
          nicolae_shop_overgrown_old_shop, shop, shop, uniq_natasha
D:4:      minmay_evil_eye, layout_loops_corners,
          pdpol_wu_jian_five_deadly_venoms, kennysheep_mini_moat, dk_vineyard_1,
          st_stairs_9, uniq_crazy_yiuf_cottage
D:5:      layout_loops_corners, nicolae_ashenzari_panopticon, minitemple,
          minmay_temple_entry_arrows, kennysheep_small_square
D:6:      layout_basic, lemuel_coloured_pillars_altar, uniq_duvessa,
          uniq_blork_the_orc
D:7:      layout_basic, serial_shops, shop, nicolae_shop_advertising_works
          [nicolae_subvault_shop_adworks], nicolae_shop_behind_doors,
          nicolae_shop_crystal, uniq_maggie, uniq_pikel
D:8:      layout_rooms, david_lair_shrubbed, uniq_erica
D:9:      layout_rooms, uniq_psyche
D:10:     layout_basic, serial_co_window_serial, co_window_corner_a,
          co_window_corner_a, co_window_paths_a, co_window_of_opportunity_a,
          co_window_of_opportunity_a, co_window_paths_c,
          co_window_unsneaky_path_a, co_window_corner_b, co_window_paths_d,
          glass_columns_b, glass_columns_a, glass_columns_a, glass_columns_a,
          glass_columns_b

Skill      XL: |  1  2  3  4  5  6  7  8  9 10 11 |
---------------+----------------------------------+-----
Fighting       | 4 5 6 7 8 9 |  9.9
Axes           | 5 6 7 8 10 11 12 13 14 | 14.8
Invocations    | 2 5 7 10 11 | 11.5
Translocations | 2 4 |  4.0
Armour         | 2 4 |  4.0
Dodging        | 3 4 |  4.0
Shields        | 2 |  2.7
Spellcasting   | 1 |  1.1
Stealth        | |  1.5

Action                   |  1- 3 |  4- 6 |  7- 9 | 10-12 || total
-------------------------+-------+-------+-------+-------++-------
Melee: Hand axe          |   113 |   200 |   382 |   551 ||  1246
       Punch             |     2 |     1 |    12 |    13 ||    28
       War axe           |       |       |       |    13 ||    13
       Unarmed           |       |       |       |     1 ||     1
Throw: Dart              |     3 |     3 |     2 |       ||     8
Invok: Stomp             |       |       |       |     5 ||     5
       Line Pass         |       |       |       |     1 ||     1
Evoke: Wand              |       |       |     2 |       ||     2
  Use: Scroll            |     3 |     5 |     6 |     7 ||    21
       Potion            |       |     1 |       |     2 ||     3
 Stab: Sleeping          |     4 |     3 |       |       ||     7
       Distracted        |     1 |       |     1 |       ||     2
       Paralysed         |       |       |     4 |    22 ||    26
       Confused          |       |       |       |     1 ||     1
Armor: Robe              |    11 |    10 |       |       ||    21
       Scale mail        |       |    75 |    48 |    14 ||   137
       Swamp dragon scal |       |       |       |    30 ||    30
       Chain mail        |       |       |       |     4 ||     4
       Skin              |       |       |       |    24 ||    24
Dodge: Dodged            |    82 |   122 |   171 |   293 ||   668
       Repelled          |       |       |       |     2 ||     2
Block: Other             |       |       |    26 |    48 ||    74
       Buckler           |       |       |       |    17 ||    17
       Reflection        |       |       |       |     2 ||     2
